Cogmind - Beta 16.1 @@@ ROGUE MODE // 2026.04.18 @ 16:18:53 Player: Thqwib-Linux Result: Destroyed by G-73 Enforcer with Heavy Laser Performance ------------- Evolutions (6) 3000 Regions Visited (22) 4400 Robots Destroyed (310) 1550 Value Destroyed (15880) 15880 Prototype IDs (241) 4820 Alien Tech Used (0) 0 Bonus (11083) 11083 TOTAL SCORE: 40733 Bonus ------- High Alert Combat Kills 3104 Follower Combat Kills 2054 Entered Garrisons 600 Aligned with FarCom 300 Met Data Miner 300 Used Data Conduit 3000 Acquired ECA 300 Built Enhanced Grunts 300 A7 Reached Mainframe 300 Met R17 at Cetus 500 Pursued by Intercept 500 Friendly Fire -175 Cogmind --------- Core Integrity 0/1150 Matter 162/300 Energy 100/100 System Corruption 20% Temperature Cool (0) Movement Core (50) Location -4/Factory Parts ------- > --- POWER (2) -------- (None) > --- PROPULSION (5) --- (None) > --- UTILITY (8) ------ Improved Terrain Scanner Advanced Terrain Scan Processor Advanced Targeting Computer > --- WEAPON (4) ------- (None) > --- INVENTORY (5) ---- Centrium Wheel Encrypted Comm Array Improved Transmission Jammer Force Field Guided Plasma Cannon Peak State ------------ > --- POWER ------------ Neutrino Core Quantum Reactor > --- PROPULSION ------- Enhanced Flexi-carbon Leg Enhanced Flexi-carbon Leg Enhanced Flexi-carbon Leg Enhanced Flexi-carbon Leg > --- UTILITY ---------- Advanced Heat Sink High-capacity Storage Unit Advanced Targeting Computer Armor Integrity Analyzer Centrium Medium Armor Plating Centrium Medium Armor Plating Improved Hacking Suite > --- WEAPON ----------- Advanced Variable Charge Gun Enhanced Autogun KE Penetrator Advanced KE Penetrator > --- INVENTORY -------- Quantum Reactor Advanced Heat Sink Encrypted Comm Array Improved Transmission Jammer Improved Medium Armor Plating Graphene Brace Force Field System Shield Long-range Tractor Beam Improved Recalibrator Advanced Variable Charge Gun Advanced Variable Charge Gun Compact Ion Cannon Neutron Cannon Guided Plasma Cannon Enhanced Autogun KE Penetrator KE Penetrator Long-range Missile Launcher Phasing Sabre [Rating: 117] Favorites ----------- Power Micro Nuclear Core Engine Reinforced Deuterium Engine Power Core Micro Nuclear Core Reactor Antimatter Reactor Propulsion Medium Treads Treads Medium Treads Leg Enhanced Flexi-carbon Leg Wheel Armored Huge Wheel Hover Unit Antigrav System Flight Unit Cooled Cesium-ion Thruster Utility High-capacity Storage Unit Device Improved Cooling System Storage High-capacity Storage Unit Processor Advanced Targeting Computer Hackware Improved Hacking Suite Protection Improved Light Armor Plating Weapon Minigun Energy Gun Beam Rifle Energy Cannon Compact Ion Cannon Ballistic Gun Minigun Ballistic Cannon Magnetic Acceleration Cannon Launcher Rocket Launcher Slashing Weapon Great Axe Build | -11 -10 -10 -10 -9 -8 -8 -8 -7 -7 -7 -7 -6 -6 -6 -6 -5 -5 -5 -5 -5 -5 -4 ------- Run | Yrd Mat Min Exi Min Mat Gar Mat Fac Gar Fac Gar Fac Low Low Dat Pro Fac Ext Cet Arc Hub Fac Slots Evolved 12 | . . . . . 4 . . 2 . . . 2 . . . . 2 . . . . 2 Power 1 | . . . . . . . . . . . . . . . . . 1 . . . . . Propulsion 3 | . . . . . 2 . . . . . . . . . . . . . . . . 1 Utility 6 | . . . . . 1 . . 2 . . . 1 . . . . 1 . . . . 1 Weapon 2 | . . . . . 1 . . . . . . 1 . . . . . . . . . . Parts Attached 201 | 4 3 . . 1 42 3 6 15 3 5 18 23 1 2 12 . 5 14 9 . 7 28 Power 25 | . 1 . . . 4 . . 2 . . 2 3 . . 2 . 1 4 2 . 2 2 Engine 10 | . . . . . 4 . . 1 . . . 3 . . . . . 1 1 . . . Core 8 | . 1 . . . . . . 1 . . 2 . . . . . . 3 . . . 1 Reactor 7 | . . . . . . . . . . . . . . . 2 . 1 . 1 . 2 1 Propulsion 50 | 3 . . . . 15 2 2 4 . 1 1 4 . . 7 . . . . . 2 9 Treads 18 | 1 . . . . 10 2 . 2 . . 1 2 . . . . . . . . . . Leg 9 | . . . . . . . . . . . . . . . 6 . . . . . 2 1 Wheel 16 | 2 . . . . 5 . 2 2 . 1 . 2 . . 1 . . . . . . 1 Hover 5 | . . . . . . . . . . . . . . . . . . . . . . 5 Flight 2 | . . . . . . . . . . . . . . . . . . . . . . 2 Utility 71 | 1 2 . . . 8 . 2 7 1 3 9 9 1 . 2 . 2 6 3 . 3 12 Device 26 | 1 . . . . 3 . . 2 . 1 4 3 . . . . 2 . 1 . 1 8 Storage 8 | . 1 . . . 2 . . . . 2 1 1 . . . . . 1 . . . . Processor 8 | . 1 . . . 1 . . 2 . . . 3 . . . . . . . . . 1 Hackware 5 | . . . . . . . . 2 . . . 1 . . . . . . . . 1 1 Protection 24 | . . . . . 2 . 2 1 1 . 4 1 1 . 2 . . 5 2 . 1 2 Artifact . | . . . . . . . . . . . . . . . . . . . . . . . Weapon 55 | . . . . 1 15 1 2 2 2 1 6 7 . 2 1 . 2 4 4 . . 5 Energy Gun 18 | . . . . . 10 . . . . 1 3 1 . . . . . . 1 . . 2 Energy Cannon 4 | . . . . . 1 . . . . . . 1 . . 1 . 1 . . . . . Ballistic Gun 21 | . . . . . 3 . 1 . 2 . 2 1 . 2 . . 1 4 3 . . 2 Ballistic Cannon 4 | . . . . . . . . . . . 1 3 . . . . . . . . . . Launcher 5 | . . . . 1 1 . 1 1 . . . 1 . . . . . . . . . . Special Weapon . | . . . . . . . . . . . . . . . . . . . . . . . Impact Weapon . | . . . . . . . . . . . . . . . . . . . . . . . Slashing Weapon 3 | . . . . . . 1 . 1 . . . . . . . . . . . . . 1 Piercing Weapon . | . . . . . . . . . . . . . . . . . . . . . . . Special Melee Weapon . | . . . . . . . . . . . . . . . . . . . . . . . Unidentified Prototypes 8 | . . . . . 2 . 1 1 . . 1 2 . . . . . . . . . 1 Corrupted Parts 2 | . . . . . . . . . . . . . . . . . . . . . . 2 System Corruption 3 | . . . . . . . . . . . . . . . . . . . . . . 3 Parts Lost 54 | . . . . . 4 2 . 1 1 1 8 3 . . 2 . . 5 1 . 2 24 Power 6 | . . . . . 1 . . . . . . . . . . . . 1 . . . 4 Propulsion 16 | . . . . . 1 2 . . . . 2 2 . . 2 . . 1 . . 1 5 Utility 20 | . . . . . 2 . . 1 . . 3 . . . . . . 3 1 . 1 9 Weapon 12 | . . . . . . . . . 1 1 3 1 . . . . . . . . . 6 Highest Loss Streak 13 | . . . . . 2 2 . 1 1 1 5 2 . . 2 . . 4 1 . 2 13 To Critical Strikes . | . . . . . . . . . . . . . . . . . . . . . . . Average Backups 16 | 4 6 9 10 10 11 18 18 19 18 18 16 17 19 18 18 18 15 18 16 19 19 16 Power . | 1 1 1 1 1 1 1 1 1 1 1 1 1 1 1 1 1 . . . 1 1 . Propulsion 2 | 2 3 4 4 4 3 4 3 3 4 3 2 1 2 2 2 2 1 2 . . . . Utility 7 | . 1 3 2 2 3 8 10 9 9 8 7 7 8 8 8 8 7 8 7 7 8 7 Weapon 5 | . . 1 2 3 3 5 4 5 4 5 5 6 7 6 6 6 5 6 7 10 8 7 Tool/Special . | . . . . . . . . . . . . . . . . . . . . . . . Unused Backups 51 | 4 2 1 . 1 12 . 1 2 . 3 4 6 1 . 1 . . 5 . 1 2 5 Power 5 | . . . . . 3 . 1 . . . . 1 . . . . . . . . . . Propulsion 12 | 4 . . . . 3 . . . . 2 . . . . 1 . . 1 . . 1 . Utility 24 | . 2 1 . . 3 . . 2 . 1 1 5 1 . . . . 2 . 1 1 4 Weapon 10 | . . . . 1 3 . . . . . 3 . . . . . . 2 . . . 1 Tool/Special . | . . . . . . . . . . . . . . . . . . . . . . . Average Slot Usage (%) 94 | . 100 100 100 100 98 100 100 93 91 91 90 92 86 90 92 100 99 99 100 100 99 77 Engine 3 | . 12 . . . 8 9 9 2 . . 2 6 6 6 2 . . . 3 . . . Core 3 | . 1 14 14 14 . . . 4 7 7 4 . . . . . . 2 6 5 3 . Reactor 1 | . . . . . . . . . . . . . . . 3 6 11 7 . 5 6 7 Treads 11 | . 14 14 14 14 17 18 18 15 15 15 14 12 13 13 8 . . . . . . . Leg 4 | . . . . . . . . . . . . . . . 5 26 22 23 23 23 23 13 Wheel 8 | . 14 14 14 14 17 17 18 8 7 7 7 5 6 6 4 . . . . . . . Device 8 | . 11 . . . 8 9 9 7 7 7 13 10 6 6 6 6 10 9 5 5 9 6 Storage 7 | . 14 14 14 14 9 9 9 7 7 7 7 6 6 6 6 6 5 5 5 5 5 4 Processor 7 | . 2 14 14 14 6 . . 2 7 7 7 13 13 13 13 13 11 11 11 11 11 9 Hackware 3 | . . . . . . . . 6 7 7 1 2 6 6 6 6 5 5 5 5 5 5 Protection 6 | . . . . . 2 9 9 12 7 7 6 6 6 6 6 6 5 6 11 11 5 8 Energy Gun 6 | . 28 28 28 26 15 7 9 5 . 3 6 7 . . . . . . 3 5 5 2 Energy Cannon 2 | . . . . . . 1 . . . . . 3 6 6 6 13 10 9 1 . . . Ballistic Gun 12 | . . . . . 10 17 16 15 20 18 12 6 6 15 16 13 11 12 17 17 17 13 Peak Build Rating 117 | 7 10 10 11 12 37 38 34 49 53 54 64 76 77 77 87 87 101 105 117 117 117 117 Average Rating 56 | 6 7 10 10 11 27 33 32 43 48 50 55 69 76 72 72 87 97 99 100 116 111 89 On Entrance 55 | 6 7 10 10 11 12 35 33 32 49 49 51 60 76 77 70 87 87 99 99 116 117 91 Avg Prop Armor Cover (%) 13 | 14 14 14 14 14 16 14 14 14 12 12 11 12 12 12 12 . . . . . . 22 Naked Turns . | . . . . . . . . . . . . . . . . . . . . . . . Heaviest Build 112 | 11 17 17 17 17 69 76 69 72 67 61 89 94 98 98 83 83 107 112 108 108 108 111 Greatest Support 112 | 16 16 16 16 16 32 28 32 48 28 28 56 48 28 28 112 112 112 112 112 112 112 99 Greatest Overweight (x) 8 | . 1 1 1 1 2 3 2 2 2 2 3 8 3 3 2 . . . . . . 3 Average Overweight (x) 1 | . . 1 1 1 1 2 2 1 2 2 2 2 3 2 1 . . . . . . . Largest Inventory Capacity 20 | 8 10 10 10 10 20 20 20 20 20 20 20 20 20 20 20 20 20 20 20 20 20 20 Average Capacity 18 | 8 8 10 10 10 14 20 20 20 20 20 20 20 20 20 20 20 20 20 20 20 20 17 Most Carried 20 | 8 9 10 10 10 19 19 20 20 20 20 20 20 20 20 20 18 18 20 20 20 20 20 Average Carried 17 | 3 6 9 10 9 11 18 18 19 18 19 18 18 19 19 19 18 15 18 16 19 19 16 Final Capacity 20 | 8 10 10 10 10 20 20 20 20 20 20 20 20 20 20 20 20 20 20 20 20 20 5 Final Carried 20 | 4 9 10 10 10 18 18 20 19 20 20 19 20 20 20 18 18 17 19 19 20 20 5 Class Distribution -------------------- 31% | Scavenger-Gunner 19% | Scavenger-Skirmisher 16% | Skirmisher 10% | Mutant 9% | Gunner 3% | Tank 3% | Commander-Gunner Dominant Class ---------------- Mutant | -10/Materials Mutant | -10/Mines Mutant | -10/Exiles Mutant | -9/Mines Scavenger-Skirmisher | -8/Materials Scavenger-Skirmisher | -8/Garrison Scavenger-Skirmisher | -8/Materials Tank | -7/Factory Skirmisher | -7/Garrison Scavenger-Skirmisher | -7/Factory Scavenger-Gunner | -7/Garrison Gunner | -6/Factory Gunner | -6/Lower Caves Scavenger-Gunner | -6/Lower Caves Scavenger-Gunner | -6/Data Miner Scavenger-Gunner | -5/Proximity Caves Scavenger-Gunner | -5/Factory Scavenger-Gunner | -5/Extension Scavenger-Gunner | -5/Cetus Scavenger-Gunner | -5/Archives Scavenger-Gunner | -5/Hub_04(d) Scavenger-Gunner | -4/Factory Resources | -11 -10 -10 -10 -9 -8 -8 -8 -7 -7 -7 -7 -6 -6 -6 -6 -5 -5 -5 -5 -5 -5 -4 ----------- Run | Yrd Mat Min Exi Min Mat Gar Mat Fac Gar Fac Gar Fac Low Low Dat Pro Fac Ext Cet Arc Hub Fac Matter Collected 9471 | 240 20 10 . . 1065 443 334 653 704 193 1657 673 186 20 282 103 166 882 314 204 514 808 Remotely 605 | . . . . . . . . . . . . . . . . . . . . . . 605 Salvage Created 13738 | 149 42 12 . 32 2242 840 334 742 764 317 1620 1099 . . 388 80 402 1941 454 201 1026 1053 Parts 619 | 13 3 1 . 3 132 30 16 39 32 17 72 49 . . 24 2 16 80 18 7 32 33 Haulers Intercepted 20 | . 1 . . . 5 . 3 2 . 1 . 3 . . . . . . . . 5 . Recyclers Shooed 4 | 1 . . . 1 . . . . . . . 1 . . . . . . . . . 1 Parts Field Recycled . | . . . . . . . . . . . . . . . . . . . . . . . Retrieved Matter . | . . . . . . . . . . . . . . . . . . . . . . . Parts Self-Destructed 2 | . . . . . . . . . . . . . . . . 2 . . . . . . Prevented . | . . . . . . . . . . . . . . . . . . . . . . . Parts Restored 1 | . . . . . . . . . . . . 1 . . . . . . . . . . Broken 1 | . . . . . . . . . . . . 1 . . . . . . . . . . Kills | -11 -10 -10 -10 -9 -8 -8 -8 -7 -7 -7 -7 -6 -6 -6 -6 -5 -5 -5 -5 -5 -5 -4 ------- Run | Yrd Mat Min Exi Min Mat Gar Mat Fac Gar Fac Gar Fac Low Low Dat Pro Fac Ext Cet Arc Hub Fac Combat Hostiles Destroyed 238 | . . 1 . . 34 26 3 10 24 5 41 16 . . 4 3 7 35 7 2 8 12 Melee 1 | . . . . . . . . . . . . . . . . . . . . . . 1 Guns 144 | . . 1 . . 31 10 3 8 7 3 23 8 . . 2 2 2 18 5 2 8 11 Cannons 53 | . . . . . 2 2 . . 3 2 17 8 . . 2 1 4 10 2 . . . AOE 38 | . . . . . . 14 . 2 14 . . . . . . . 1 7 . . . . Classes Destroyed 21 | 2 1 1 . 1 8 1 . . 1 . 2 . . . . 1 . 2 . . 1 . Worker 13 | . . . . 1 3 . 1 5 . . . 2 . . . . . . . . 1 . Builder 7 | . . . . . 1 . . 1 . . . . . . . . 1 2 . . 1 1 Tunneler 7 | 3 . . . 1 3 . . . . . . . . . . . . . . . . . Hauler 20 | . 1 . . . 5 . 3 2 . 1 . 3 . . . . . . . . 5 . Recycler 8 | 1 . . . . 2 . . 2 . . . . . . . . . 2 . . . 1 Operator 5 | . . . . . 2 . . . . . . . . . . . . 1 . 1 1 . Drone 2 | . . . . . . . . . . . . . . . . 2 . . . . . . Watcher 7 | . . . . . 2 . . 1 . 1 . 2 . . . . . . . . . 1 Swarmer 35 | . . 1 . . 4 3 . . 8 . 2 4 . . . . . 9 . . 4 . Cutter 3 | . . . . . . . . . . . 3 . . . . . . . . . . . Saboteur 1 | . . . . . . . . . . . . . . . . . . 1 . . . . Grunt 114 | . . . . . 19 16 1 8 10 4 26 7 . . . . 6 12 1 . 1 3 Brawler 7 | . . . . . 1 3 . . 1 . 1 . . . . . . 1 . . . . Duelist 11 | . . . . . 1 1 1 . 2 . 1 1 . . . . 1 2 . . . 1 Protector 1 | . . . . . . . . . . . . . . . . . . . . . 1 . Sentry 27 | . . . . . 8 2 1 . 2 . 2 2 . . . 1 . 5 . 2 1 1 Specialist 2 | . . . . . . . . . . . 1 . . . . . . . . . 1 . Hunter 6 | . . . . . . . . . 1 1 1 1 . . . . . 2 . . . . Programmer 13 | . . . . . . 1 . 2 . . 5 2 . . . . . . . . . 3 Heavy 1 | . . . . . 1 . . . . . . . . . . . . . . . . . Behemoth 2 | . . . . . . . . . . . . . . . . . . 2 . . . . Cetus Guard 6 | . . . . . . . . . . . . . . . . . . . 6 . . . Enhanced Grunt 5 | . . . . . . . . . . . . . . . 4 . . . . . 1 . Tracker 2 | . . . . . . . . . . . . . . . . . . . . . . 2 Combat Programmer 2 | . . . . . . . . . . . . . . . . . . . . . . 2 Thug 1 | . . . . . . . . . . . . . . . . . . 1 . . . . Savage 1 | . . . . . . . . . . . . . . . . . . 1 . . . . Butcher 1 | . . . . . . . . . . . . . . . . . . 1 . . . . Best Kill Streak 9 | 3 1 1 . 2 5 6 2 4 8 2 9 4 . . 3 1 5 8 4 3 5 4 Combat Bots Only 9 | . . 1 . . 4 6 2 4 8 2 9 4 . . 3 1 4 7 4 2 4 3 Max Kills in Single Turn 3 | 1 1 1 . 1 2 2 1 1 3 1 1 1 . . 1 1 2 3 1 1 2 2 Gunslinging . | . . . . . . . . . . . . . . . . . . . . . . . Exploded 3 | . . . . . . 2 . 1 3 . . . . . . . 1 2 . . . . Melee 1 | . . . . . . . . . . . . . . . . . . . . . . 1 Uniques/NPCs Destroyed . | . . . . . . . . . . . . . . . . . . . . . . . Combat | -11 -10 -10 -10 -9 -8 -8 -8 -7 -7 -7 -7 -6 -6 -6 -6 -5 -5 -5 -5 -5 -5 -4 -------- Run | Yrd Mat Min Exi Min Mat Gar Mat Fac Gar Fac Gar Fac Low Low Dat Pro Fac Ext Cet Arc Hub Fac Hostile Shots Fired 1301 | . 1 3 . 7 115 73 13 76 51 14 231 84 . 17 32 8 30 166 41 3 71 265 Missed 407 | . 1 1 . 3 31 25 6 22 21 5 74 41 . 7 8 1 4 50 11 2 29 65 Hits 894 | . . 2 . 4 84 48 7 54 30 9 157 43 . 10 24 7 26 116 30 1 42 200 Melee 14 | . . . . 1 . . 1 . . . 1 . . . . . 4 . . . . 7 Projectile 880 | . . 2 . 3 84 48 6 54 30 9 156 43 . 10 24 7 22 116 30 1 42 193 AOE 12 | . . . . . . . . . . . 1 . . . . . . 9 . . . 2 Critical Strikes 53 | . . . . 1 6 2 1 1 1 . 11 1 . . . 1 2 6 5 . 1 14 Part Disruptions 1 | . . . . . . . . . . . . . . . 1 . . . . . . . Damage Taken 17214 | . . 13 . 68 1629 696 154 936 328 171 2075 747 . 103 1105 157 443 2459 904 23 802 4401 Core 2783 | . . . . 12 208 82 17 120 18 38 304 10 . . 90 . 73 392 145 23 98 1153 Absorbed by Shields 913 | . . . . . . . . . . . 112 . . . . . 182 508 111 . . . Redirected to Shielding 213 | . . . . . . . . 81 . . . . . . . . . 31 . . . 101 Ignored by Resistances 245 | . . . . . . . . . . . . . . . . . . . . . . 245 Regen/Repaired (Parts) 558 | . . . . . 144 . . . . . . 159 . . . . 121 134 . . . . Core Remaining (%) 64 | 100 . . . 95 . . 44 . . . 31 . . . . 88 . . . . 26 . Volleys Fired 771 | 8 7 2 . 6 129 70 12 54 65 17 119 54 . . 17 9 21 62 30 7 31 51 Largest 4 | 2 2 2 . 2 3 3 3 3 3 3 3 4 . . 4 4 4 4 4 4 4 4 Hottest 325 | 80 80 80 . 80 151 120 104 104 120 120 203 247 . . 176 238 238 246 323 173 325 240 Shots Fired 2141 | 16 14 4 . 12 370 147 37 151 103 40 277 175 . . 67 35 54 233 102 24 118 162 Gun 1753 | 16 14 4 . 12 362 116 37 146 70 36 218 95 . . 50 18 26 135 96 24 118 160 Cannon 341 | . . . . . 7 10 . . 20 4 57 80 . . 17 17 28 93 6 . . 2 Launcher 47 | . . . . . 1 21 . 5 13 . 2 . . . . . . 5 . . . . Special . | . . . . . . . . . . . . . . . . . . . . . . . Kinetic 1294 | . . . . . 131 78 25 97 65 32 194 91 . . 50 18 26 135 90 21 88 153 Thermal 800 | 16 14 4 . 12 238 48 12 49 25 8 81 84 . . 17 17 28 93 12 3 30 9 Explosive 47 | . . . . . 1 21 . 5 13 . 2 . . . . . . 5 . . . . Electromagnetic . | . . . . . . . . . . . . . . . . . . . . . . . Robot Hit Streak 29 | 6 7 2 . 6 26 12 15 13 20 6 14 9 . . 27 7 11 29 26 8 19 14 Robot Miss Streak 11 | 2 2 2 . 3 4 2 2 5 3 3 4 3 . . 2 4 2 4 2 5 3 11 Penetration Max 1 | . . . . . . . . . . . 1 1 . . . . . 1 1 . 1 1 Secondary Targets 12 | . . . . . 2 2 . . . . 1 . . . . . . . 1 . 2 4 Max Gunslinging Chain 1 | . . . . . 1 1 . . . . 1 . . . . . . . 1 . 1 1 Shots Hit Robots 1330 | 8 8 2 . 7 251 83 31 99 40 23 169 89 . . 55 14 27 160 73 13 72 106 Core Hits 631 | 5 3 1 . 4 96 57 9 35 52 13 68 40 . . 26 4 15 82 31 8 34 48 Critical Kills 8 | . . . . . . . . . . . 2 2 . . . . 1 2 . . . 1 Critical Parts Destroyed 15 | . . . . . . 2 . . . . 1 1 . . 1 1 . 2 1 . 1 5 Critical Strikes 48 | . . . . . 7 4 2 4 1 . 9 4 . . 2 1 1 5 1 . 1 6 Burn 19 | . . . . . 7 2 2 4 1 . 3 . . . . . . . . . . . Destroy 25 | . . . . . . 2 . . . . 3 3 . . 2 1 1 5 1 . 1 6 Blast 4 | . . . . . . . . . . . 3 1 . . . . . . . . . . Melee Attacks 82 | . . . . . . 7 7 4 2 4 29 . . . 25 . . . . . . 4 Impact . | . . . . . . . . . . . . . . . . . . . . . . . Slashing 82 | . . . . . . 7 7 4 2 4 29 . . . 25 . . . . . . 4 Piercing . | . . . . . . . . . . . . . . . . . . . . . . . Sneak Attacks 6 | . . . . . . . 2 3 . . . . . . 1 . . . . . . . Combat Hostiles . | . . . . . . . . . . . . . . . . . . . . . . . Follow-up Attacks . | . . . . . . . . . . . . . . . . . . . . . . . Damage Inflicted 38061 | 89 90 20 . 88 4023 3033 656 2226 2744 497 5693 2625 . . 1114 389 1028 6483 1809 371 1999 3084 Guns 23009 | 89 90 20 . 88 3765 1236 392 1558 542 352 2941 1351 . . 766 160 306 2520 1607 355 1955 2916 Cannons 8957 | . . . . . 258 206 . . 543 145 2515 1257 . . 279 229 545 2692 202 . . 86 Explosions 5312 | . . . . . . 1591 . 444 1659 . 237 . . . . . 177 1204 . . . . Melee 636 | . . . . . . . 264 224 . . . . . . 69 . . . . . . 79 Ramming 147 | . . . . . . . . . . . . 17 . . . . . 67 . 16 44 3 Kinetic 18953 | . . . . . 1287 905 276 1049 527 315 3833 1210 . . 766 160 306 2520 1411 315 1241 2832 Thermal 13190 | 89 90 20 . 88 2736 537 116 509 558 182 1623 1398 . . 279 229 722 2692 398 40 714 170 Explosive 5135 | . . . . . . 1591 . 444 1659 . 237 . . . . . . 1204 . . . . Electromagnetic . | . . . . . . . . . . . . . . . . . . . . . . . Impact . | . . . . . . . . . . . . . . . . . . . . . . . Slashing 636 | . . . . . . . 264 224 . . . . . . 69 . . . . . . 79 Piercing . | . . . . . . . . . . . . . . . . . . . . . . . Highest Corruption 20 | . . . . . . 2 4 2 2 2 11 . . . . . . . . . . 20 Average Corruption 5 | . . . . . . 1 3 1 2 2 8 . . . . . . . . . . 14 Corruption Purged . | . . . . . . . . . . . . . . . . . . . . . . . Corruption Blocked . | . . . . . . . . . . . . . . . . . . . . . . . Effects 182 | . . . . . . 2 10 13 29 12 89 . . . . . . . . . . 27 Message Errors 33 | . . . . . . 1 3 3 5 2 15 . . . . . . . . . . 4 Matter Fused 31 | . . . . . . . . . 4 1 20 . . . . . . . . . . 6 Heat Flow Errors 18 | . . . . . . . 1 1 2 1 13 . . . . . . . . . . . Energy Discharges 25 | . . . . . . . 2 2 4 3 12 . . . . . . . . . . 2 Parts Rejected 4 | . . . . . . . 1 . . . 1 . . . . . . . . . . 2 Parts Fused 5 | . . . . . . . . . 3 . 1 . . . . . . . . . . 1 Data Loss (minor) 29 | . . . . . . . 1 4 6 2 13 . . . . . . . . . . 3 Data Loss (major) 11 | . . . . . . . 1 1 1 1 6 . . . . . . . . . . 1 Misfires 9 | . . . . . . 1 1 1 1 . 5 . . . . . . . . . . . Alerts 4 | . . . . . . . . . . 1 2 . . . . . . . . . . 1 Weapon Failures 13 | . . . . . . . . 1 3 1 1 . . . . . . . . . . 7 Overload Shots 5 | . . . . . . . . . . . . . . . . . . . 1 . 2 2 Overflow Damage 689 | . . . . . . 63 47 37 . . 405 16 . . 9 . 37 71 . . 4 . Projectiles 500 | . . . . . . . . . . . 405 16 . . . . 37 42 . . . . Explosions 118 | . . . . . . 63 . 37 . . . . . . . . . 18 . . . . Melee 71 | . . . . . . . 47 . . . . . . . 9 . . 11 . . 4 . Knockbacks 11 | . . . . . . . . . . . 9 2 . . . . . . . . . . Impact . | . . . . . . . . . . . . . . . . . . . . . . . Kinetic 10 | . . . . . . . . . . . 8 2 . . . . . . . . . . Secondary 1 | . . . . . . . . . . . 1 . . . . . . . . . . . Self-Inflicted Damage 239 | . . . . . . . . 69 . . 62 . . . . . 52 56 . . . . Shots 6 | . . . . . . . . 3 . . 1 . . . . . 1 1 . . . . Rammed 2 | . . . . . 1 . . . . . . 1 . . . . . . . . . . Targets Rammed 11 | . . . . . 1 . . . . . . 2 . . . . . 5 . 1 1 1 Kicked 8 | . . . . . . . . . . . . . . . . . . 5 . 1 1 1 Crushed 1 | . . . . . . . . . . . . 1 . . . . . . . . . . Highest Temperature 402 | 36 108 48 . 30 277 152 173 123 144 179 370 336 . . 45 217 366 402 355 78 364 348 Average Temperature 85 | 16 50 26 . 14 68 29 65 43 33 38 61 93 . . 15 76 160 115 161 31 108 114 Received Heat Transfer 3906 | . . . . 39 603 333 36 405 120 63 897 216 . 12 . 45 132 538 106 . 99 262 Effects 14 | . . . . . 1 . . . . . 2 1 . . . . 2 3 1 . 2 2 Shutdowns 4 | . . . . . . . . . . . 1 . . . . . . 2 1 . . . Energy Bleed 3 | . . . . . . . . . . . 1 1 . . . . 1 . . . . . Interference 6 | . . . . . 1 . . . . . . . . . . . 1 . . . 2 2 Matter Decay 1 | . . . . . . . . . . . . . . . . . . 1 . . . . Siege Activations . | . . . . . . . . . . . . . . . . . . . . . . . Martial Activations . | . . . . . . . . . . . . . . . . . . . . . . . Shielding Activations . | . . . . . . . . . . . . . . . . . . . . . . . Robots Disrupted . | . . . . . . . . . . . . . . . . . . . . . . . Combat Hostiles . | . . . . . . . . . . . . . . . . . . . . . . . Robots Corrupted 3 | . . . . . . . . . . . 1 . . . . . . 1 . . 1 . Combat Hostiles 1 | . . . . . . . . . . . 1 . . . . . . . . . . . Parts Fried 8 | . . . . . . . . . . . 1 . . . . . . 4 2 . 1 . Impact Corruptions 4 | . . . . . . . . . . . 1 . . . . . . 2 . . 1 . Robots Melted 1 | . . . . . 1 . . . . . . . . . . . . . . . . . Combat Hostiles 1 | . . . . . 1 . . . . . . . . . . . . . . . . . Parts Melted 31 | 1 1 . . . 13 . . 1 2 . 4 5 . . 1 . . 3 . . . . Heat Transferred 21216 | 200 200 50 . 200 7137 1382 444 1554 1311 394 3021 2059 . . 555 148 433 1073 185 37 759 74 Parts Sabotaged . | . . . . . . . . . . . . . . . . . . . . . . . Parts Stolen . | . . . . . . . . . . . . . . . . . . . . . . . Parts Stripped . | . . . . . . . . . . . . . . . . . . . . . . . Power Chain Reactions 1 | . . . . . . . . . . . . . . . . . 1 . . . . . Alert | -11 -10 -10 -10 -9 -8 -8 -8 -7 -7 -7 -7 -6 -6 -6 -6 -5 -5 -5 -5 -5 -5 -4 ------- Run | Yrd Mat Min Exi Min Mat Gar Mat Fac Gar Fac Gar Fac Low Low Dat Pro Fac Ext Cet Arc Hub Fac Maximum Alert Level 5 | . . . . . 2 4 2 1 4 2 5 4 . . . . 3 4 3 2 2 1 Low Security (%) 25 | 100 100 100 . 100 51 . . 57 14 . . . . . . . . . . . 28 87 Level 1 14 | . . . . . 29 2 . 42 17 . 12 . . . . . . 3 . 25 38 12 Level 2 24 | . . . . . 18 22 100 . 17 100 6 . . . . . 96 78 43 74 32 . Level 3 18 | . . . . . . 61 . . 29 . 15 59 . . . . 3 16 56 . . . Level 4 11 | . . . . . . 13 . . 20 . 27 40 . . . . . 1 . . . . Level 5 5 | . . . . . . . . . . . 37 . . . . . . . . . . . High Security . | . . . . . . . . . . . . . . . . . . . . . . . Max Security . | . . . . . . . . . . . . . . . . . . . . . . . Peak Influence 2500 | 10 22 20 . 81 504 1431 697 353 1146 609 2500 1312 . . . . 763 1215 873 533 620 259 Initial 1312 | . . . . . 9 317 697 260 11 601 295 1312 . . . . 600 291 593 334 175 259 Average 607 | 2 2 2 . 26 205 864 603 169 656 516 1354 1021 . . . . 597 562 721 468 346 156 Influence Increases 12372 | 20 22 20 . 164 1221 1154 106 472 1145 189 2345 875 . 15 . 30 903 1654 460 219 855 503 Destroy 0b10 Robot/C 5720 | . . 20 . 100 700 540 60 200 560 100 1060 440 . . . 20 140 900 220 80 340 240 Destroy 0b10 Robot/NC 375 | 20 5 . . 10 90 . 20 55 . 10 . 35 . . . 10 5 40 10 5 45 15 Destroy Leader 814 | . 2 . . 20 204 20 26 56 30 24 60 120 . . . . 20 84 10 . 66 72 Allied During Kill 1029 | . . . . 19 6 1 . . 91 11 94 74 . . . . . 341 118 85 189 . Successful Hack 261 | . . . . . 69 21 . . 21 36 . 22 . . . . 4 27 . . 10 51 Select Force Hacks 30 | . . . . . 30 . . . . . . . . . . . . . . . . . Disable Machine 720 | . . . . . 30 45 . 135 75 . 30 60 . . . . 90 45 30 45 105 30 Anti-Garrison Action 1500 | . . . . . . 350 . . 300 . 850 . . . . . . . . . . . Destroy Structure 738 | . . . . . 17 117 . 11 68 8 101 34 . . . . 44 172 72 4 70 20 Advance Influence 600 | . . . . . . . . . . . . . . . . . 600 . . . . . Partial Spotted 15 | . . . . . . . . . . . . . . . . . . . . . 15 . Lose Combat Pursuer 570 | . 15 . . 15 75 60 . 15 . . 150 90 . 15 . . . 45 . . 15 75 Influence Decreases 12248 | 20 22 20 . 139 758 211 964 1029 15 913 267 2249 655 221 265 30 306 1190 684 553 828 909 Entered New Map 5748 | . . . . . 16 171 734 313 5 545 127 1188 417 91 265 . . 306 468 503 328 271 Time Decay 4551 | 20 22 20 . 139 673 . 230 556 . 318 . 571 238 130 . 30 206 474 206 50 270 398 Search Patrol Dispatched 100 | . . . . . . . . . . . . . . . . . 100 . . . . . Lost Part 520 | . . . . . 40 20 . 10 10 10 80 30 . . . . . 50 10 . 20 240 Lost Ally 729 | . . . . . 29 20 . . . 40 60 160 . . . . . 360 . . 60 . Purge Threat 600 | . . . . . . . . 150 . . . 300 . . . . . . . . 150 . Squads Dispatched 50 | . . . . . 6 . 2 5 . 4 . 15 . . . . 2 5 1 . 6 4 Investigation 12 | . . . . . 2 . . 1 . 1 . 3 . . . . 1 1 1 . 2 . Extermination 10 | . . . . . . . . 3 . 1 . 3 . . . . . . . . 1 2 Reinforcement 15 | . . . . . 4 . 1 . . 1 . 4 . . . . 1 1 . . 2 1 Assault 7 | . . . . . . . 1 . . 1 . 1 . . . . . 3 . . 1 . Garrison 5 | . . . . . . . . 1 . . . 4 . . . . . . . . . . Intercept 1 | . . . . . . . . . . . . . . . . . . . . . . 1 Searches Triggered 1 | . . . . . . . . . . . . . . . . . 1 . . . . . Construction Impeded 2 | . . . . . . . . . . . . 1 . . . . . 1 . . . . Haulers Reinforced 1 | . . . . . . . . . . . . 1 . . . . . . . . . . Active Scanning Responses . | . . . . . . . . . . . . . . . . . . . . . . . Cargo Convoy Interrupts . | . . . . . . . . . . . . . . . . . . . . . . . Stealth | -11 -10 -10 -10 -9 -8 -8 -8 -7 -7 -7 -7 -6 -6 -6 -6 -5 -5 -5 -5 -5 -5 -4 --------- Run | Yrd Mat Min Exi Min Mat Gar Mat Fac Gar Fac Gar Fac Low Low Dat Pro Fac Ext Cet Arc Hub Fac Distress Signals 13 | . . . . . 3 . . . . . . 1 . . . . . 4 2 . 1 2 Communications Jammed 44 | . . . . . . . . . . . . . . . . . . . . . 44 . Distress Signals 43 | . . . . . . . . . . . . . . . . . . . . . 43 . Times Spotted 386 | . 4 3 . 7 52 28 11 13 21 8 58 27 . 1 4 6 8 64 12 7 27 25 Peak Tracking Total 11 | . 2 3 . 3 5 7 5 4 7 3 9 5 . 1 3 2 4 11 5 1 6 5 Tactical Retreats 23 | . 1 . . 1 4 2 . 1 . . 4 3 . 1 . . . 1 . . 1 4 Traps | -11 -10 -10 -10 -9 -8 -8 -8 -7 -7 -7 -7 -6 -6 -6 -6 -5 -5 -5 -5 -5 -5 -4 ------- Run | Yrd Mat Min Exi Min Mat Gar Mat Fac Gar Fac Gar Fac Low Low Dat Pro Fac Ext Cet Arc Hub Fac Traps Triggered 25 | . . . . . 2 3 1 2 5 1 5 4 . . . . . . . . . 2 Indirectly . | . . . . . . . . . . . . . . . . . . . . . . . Trap Hack Attempts . | . . . . . . . . . . . . . . . . . . . . . . . Triggered . | . . . . . . . . . . . . . . . . . . . . . . . Disarmed . | . . . . . . . . . . . . . . . . . . . . . . . Reprogrammed . | . . . . . . . . . . . . . . . . . . . . . . . Reused . | . . . . . . . . . . . . . . . . . . . . . . . Traps Extracted . | . . . . . . . . . . . . . . . . . . . . . . . Installed . | . . . . . . . . . . . . . . . . . . . . . . . Triggered . | . . . . . . . . . . . . . . . . . . . . . . . Machines | -11 -10 -10 -10 -9 -8 -8 -8 -7 -7 -7 -7 -6 -6 -6 -6 -5 -5 -5 -5 -5 -5 -4 ---------- Run | Yrd Mat Min Exi Min Mat Gar Mat Fac Gar Fac Gar Fac Low Low Dat Pro Fac Ext Cet Arc Hub Fac Machines Disabled 64 | . . . . . 2 8 . 9 9 . 8 4 . . . . 6 4 2 3 7 2 Max in Single Turn 9 | . . . . . 1 1 . 9 2 . 1 1 . . . . 4 1 2 2 2 1 Garrison Access 2 | . . . . . . . . . . . . . . . . . . . . . . 2 Garrison Relay 14 | . . . . . . 5 . . 4 . 5 . . . . . . . . . . . Energy Cycler 1 | . . . . . . . . . . . . . . . . . . 1 . . . . Machines Repaired . | . . . . . . . . . . . . . . . . . . . . . . . Machines Dismantled . | . . . . . . . . . . . . . . . . . . . . . . . Machines Sabotaged . | . . . . . . . . . . . . . . . . . . . . . . . Overloaded Fab Kills . | . . . . . . . . . . . . . . . . . . . . . . . Hacking | -11 -10 -10 -10 -9 -8 -8 -8 -7 -7 -7 -7 -6 -6 -6 -6 -5 -5 -5 -5 -5 -5 -4 --------- Run | Yrd Mat Min Exi Min Mat Gar Mat Fac Gar Fac Gar Fac Low Low Dat Pro Fac Ext Cet Arc Hub Fac Machines Accessed 73 | . 1 . 2 . 16 3 . 7 2 7 2 4 . . 3 . 2 11 1 . 6 6 Terminals 51 | . 1 . . . 10 3 . 4 2 5 2 2 . . . . 1 10 1 . 6 4 Fabricators 2 | . . . . . . . . 1 . . . 1 . . . . . . . . . . Repair Stations 6 | . . . . . 2 . . . . 1 . 1 . . . . 1 1 . . . . Recycling Units 1 | . . . . . 1 . . . . . . . . . . . . . . . . . Scanalyzers 3 | . . . . . 2 . . 1 . . . . . . . . . . . . . . Garrison Access 5 | . . . . . 1 . . 1 . 1 . . . . . . . . . . . 2 Total Hacks 210 | . 3 . 2 . 48 3 . 19 2 20 5 17 . . 24 . 5 30 3 . 13 16 Successful 118 | . 1 . 2 . 30 2 . 9 2 6 . 9 . . 24 . 4 13 . . 8 8 Failed 91 | . 2 . . . 17 1 . 10 . 14 5 8 . . . . 1 17 3 . 5 8 Catastrophic 21 | . . . . . 4 1 . 3 . 4 2 2 . . . . . . 2 . 2 1 Database Lockouts 1 | . . . . . 1 . . . . . . . . . . . . . . . . . Manual 79 | . 3 . 1 . 24 . . 7 . 6 . 5 . . . . . 12 1 . 11 9 Terminals 135 | . 3 . . . 30 3 . 12 2 16 5 11 . . . . 1 24 3 . 13 12 Fabricators 6 | . . . . . . . . 3 . . . 3 . . . . . . . . . . Repair Stations 23 | . . . . . 7 . . . . 3 . 3 . . . . 4 6 . . . . Recycling Units 1 | . . . . . 1 . . . . . . . . . . . . . . . . . Scanalyzers 11 | . . . . . 9 . . 2 . . . . . . . . . . . . . . Garrison Access 8 | . . . . . 1 . . 2 . 1 . . . . . . . . . . . 4 Terminal Hacks 55 | . . . 2 . 6 2 . 4 2 3 . 4 . . 24 . . 5 . . 1 2 Record 7 | . . . 1 . . . . . . . . . . . 6 . . . . . . . Part Schematic 8 | . . . . . . . . . . . . . . . 8 . . . . . . . Robot Schematic 7 | . . . . . . . . . . . . . . . 7 . . . . . . . Prototype ID Bank 6 | . . . . . 2 . . . . 1 . . . . 3 . . . . . . . Open Door 5 | . . . . . . 1 . . 1 . . . . . . . . 3 . . . . Branch Access Points 2 | . . . . . 1 . . . . 1 . . . . . . . . . . . . Terminal Index 2 | . . . . . . . . . . 1 . . . . . . . 1 . . . . Alert Level 5 | . . . . . 1 . . 1 . . . 2 . . . . . . . . . 1 Unreport Threat 4 | . . . . . . . . 1 . . . 2 . . . . . . . . 1 . Locate Traps 3 | . . . . . . . . 2 . . . . . . . . . . . . . 1 Zone Layout 3 | . . . . . 2 . . . . . . . . . . . . 1 . . . . Garrison Registry 1 | . . . . . . . . . 1 . . . . . . . . . . . . . Patrol Navigation 1 | . . . . . . 1 . . . . . . . . . . . . . . . . Proto ID Catalog 1 | . . . 1 . . . . . . . . . . . . . . . . . . . Fabricator Hacks 3 | . . . . . . . . 1 . . . 2 . . . . . . . . . . Load Schematic 2 | . . . . . . . . 1 . . . 1 . . . . . . . . . . Build 1 | . . . . . . . . . . . . 1 . . . . . . . . . . Repair Station Hacks 15 | . . . . . 6 . . . . . . 2 . . . . 4 3 . . . . Scan Component 8 | . . . . . 3 . . . . . . 1 . . . . 2 2 . . . . Repair 7 | . . . . . 3 . . . . . . 1 . . . . 2 1 . . . . Recycling Unit Hacks . | . . . . . . . . . . . . . . . . . . . . . . . Scanalyzer 8 | . . . . . 8 . . . . . . . . . . . . . . . . . Insert Component 3 | . . . . . 3 . . . . . . . . . . . . . . . . . Analyze 3 | . . . . . 3 . . . . . . . . . . . . . . . . . Retrieve Study 2 | . . . . . 2 . . . . . . . . . . . . . . . . . Garrison Access Hacks 5 | . . . . . 1 . . 1 . 1 . . . . . . . . . . . 2 Unlock Access 3 | . . . . . 1 . . 1 . 1 . . . . . . . . . . . . Seal Access 2 | . . . . . . . . . . . . . . . . . . . . . . 2 Unauthorized Hacks 32 | . 1 . . . 9 . . 3 . 2 . 1 . . . . . 5 . . 7 4 Terminals 30 | . 1 . . . 8 . . 3 . 2 . 1 . . . . . 4 . . 7 4 Botnet 28 | . 1 . . . 8 . . 3 . 2 . 1 . . . . . 4 . . 5 4 Sabotage 2 | . . . . . . . . . . . . . . . . . . . . . 2 . Fabricators . | . . . . . . . . . . . . . . . . . . . . . . . Repair Stations 1 | . . . . . . . . . . . . . . . . . . 1 . . . . Patch 1 | . . . . . . . . . . . . . . . . . . 1 . . . . Recycling Units 1 | . . . . . 1 . . . . . . . . . . . . . . . . . Tunnel 1 | . . . . . 1 . . . . . . . . . . . . . . . . . Scanalyzers . | . . . . . . . . . . . . . . . . . . . . . . . Garrison Access . | . . . . . . . . . . . . . . . . . . . . . . . Data Cores Recovered 2 | . . . . . 1 . . . . . . . . . . . . . . . 1 . Used 1 | . . . . . . . . . . . . . . . . . . . . . 1 . Hacking Detections 57 | . 1 . . . 14 1 . 6 1 7 2 4 . . . . 2 9 1 . 5 4 Full Trace Events 7 | . . . . . 1 . . 1 . 1 . 2 . . . . 1 . 1 . . . Feedback Events . | . . . . . . . . . . . . . . . . . . . . . . . Feedback Blocked . | . . . . . . . . . . . . . . . . . . . . . . . Robot Schematics Acquired 7 | . . . . . . . . . . . . . . . 7 . . . . . . . Robots Built . | . . . . . . . . . . . . . . . . . . . . . . . Authchips . | . . . . . . . . . . . . . . . . . . . . . . . Time . | . . . . . . . . . . . . . . . . . . . . . . . Total Robot Build Rating . | . . . . . . . . . . . . . . . . . . . . . . . Part Schematics Acquired 11 | . . . . . 3 . . . . . . . . . 8 . . . . . . . Parts Built 1 | . . . . . . . . . . . . 1 . . . . . . . . . . Authchips . | . . . . . . . . . . . . . . . . . . . . . . . Time 116 | . . . . . . . . . . . . 116 . . . . . . . . . . Total Part Build Rating 3 | . . . . . . . . . . . . 3 . . . . . . . . . . Part Studies Acquired 2 | . . . . . 2 . . . . . . . . . . . . . . . . . Parts Repaired 6 | . . . . . 3 . . . . . . 1 . . . . 1 1 . . . . Time 394 | . . . . . 124 . . . . . . 30 . . . . 178 62 . . . . Parts Recycled . | . . . . . . . . . . . . . . . . . . . . . . . Recycled Matter . | . . . . . . . . . . . . . . . . . . . . . . . Retrieved Matter . | . . . . . . . . . . . . . . . . . . . . . . . Retrieved Components . | . . . . . . . . . . . . . . . . . . . . . . . Parts Scanalyzed 3 | . . . . . 3 . . . . . . . . . . . . . . . . . Part Schematics Acquired 3 | . . . . . 3 . . . . . . . . . . . . . . . . . Parts Damaged . | . . . . . . . . . . . . . . . . . . . . . . . Bothacking | -11 -10 -10 -10 -9 -8 -8 -8 -7 -7 -7 -7 -6 -6 -6 -6 -5 -5 -5 -5 -5 -5 -4 ------------ Run | Yrd Mat Min Exi Min Mat Gar Mat Fac Gar Fac Gar Fac Low Low Dat Pro Fac Ext Cet Arc Hub Fac Used RIF Installer . | . . . . . . . . . . . . . . . . . . . . . . . Robots Hacked . | . . . . . . . . . . . . . . . . . . . . . . . Non-combat . | . . . . . . . . . . . . . . . . . . . . . . . Combat . | . . . . . . . . . . . . . . . . . . . . . . . Robot Hacks Applied . | . . . . . . . . . . . . . . . . . . . . . . . Relay Couplers Released 59 | . . . . . . 19 . . 17 . 23 . . . . . . . . . . . Machine Destruction 56 | . . . . . . 16 . . 17 . 23 . . . . . . . . . . . Programmers 3 | . . . . . . 3 . . . . . . . . . . . . . . . . Fabnet Peak Effective % . | . . . . . . . . . . . . . . . . . . . . . . . Robots Rewired 30 | . . . . . . . . . 4 . 11 . . . . . . 15 . . . . Allies Hacked . | . . . . . . . . . . . . . . . . . . . . . . . Hacks Repelled . | . . . . . . . . . . . . . . . . . . . . . . . Allies | -11 -10 -10 -10 -9 -8 -8 -8 -7 -7 -7 -7 -6 -6 -6 -6 -5 -5 -5 -5 -5 -5 -4 -------- Run | Yrd Mat Min Exi Min Mat Gar Mat Fac Gar Fac Gar Fac Low Low Dat Pro Fac Ext Cet Arc Hub Fac Total Allies 49 | . . . . 3 . 1 . . 4 . 13 . . . . . . 23 5 . . . Largest Group 9 | . . . . 3 3 1 . . 4 2 9 9 . . . . . 8 6 6 5 . Highest-Rated Group 608 | . . . . 40 37 39 . . 104 59 328 328 . . . . . 359 608 599 471 . Highest-Rated Ally 159 | . . . . 16 16 39 . . 39 39 95 88 . . . . . 159 137 128 96 . Initial Warlord ECA Mod 26 | . . . . . . . 11 10 10 18 18 26 26 26 26 25 25 25 25 25 25 24 Total Orders 2 | . . . . . . . . . . . . . . . . . . . . . 2 . STAY 1 | . . . . . . . . . . . . . . . . . . . . . 1 . FOLLOW 1 | . . . . . . . . . . . . . . . . . . . . . 1 . Ally Attacks 391 | . . . . 14 17 3 . . 19 5 38 54 . . . . . 143 38 15 45 . Total Damage 10227 | . . . . 148 106 81 . . 315 52 1099 1864 . . . . . 2657 1484 602 1819 . Kills 66 | . . . . 5 1 1 . . 6 . 12 6 . . . . . 16 6 2 11 . Allies Corrupted . | . . . . . . . . . . . . . . . . . . . . . . . Allies Melted . | . . . . . . . . . . . . . . . . . . . . . . . Intel | -11 -10 -10 -10 -9 -8 -8 -8 -7 -7 -7 -7 -6 -6 -6 -6 -5 -5 -5 -5 -5 -5 -4 ------- Run | Yrd Mat Min Exi Min Mat Gar Mat Fac Gar Fac Gar Fac Low Low Dat Pro Fac Ext Cet Arc Hub Fac Active Infowar (turns) 1203 | 9 170 . . . . . . . . 2 1 . . . . . . . . . 488 533 Terrain 17 | . . . . . . . . . . . . . . . . . . . . . . 17 Traps 2 | . . . . . . . . . . 2 . . . . . . . . . . . . Seismic 179 | 9 170 . . . . . . . . . . . . . . . . . . . . . Spoofing 1 | . . . . . . . . . . . 1 . . . . . . . . . . . Jamming 1004 | . . . . . . . . . . . . . . . . . . . . . 488 516 Robot Analysis Total 154 | . . . . . . . . . . . . . . . 154 . . . . . . . Derelict Logs Recovered 6 | . . . . 1 . . . . . . . . 2 1 . 2 . . . . . . Drone Launches . | . . . . . . . . . . . . . . . . . . . . . . . Drone Recoveries . | . . . . . . . . . . . . . . . . . . . . . . . Exploration | -11 -10 -10 -10 -9 -8 -8 -8 -7 -7 -7 -7 -6 -6 -6 -6 -5 -5 -5 -5 -5 -5 -4 ------------- Run | Yrd Mat Min Exi Min Mat Gar Mat Fac Gar Fac Gar Fac Low Low Dat Pro Fac Ext Cet Arc Hub Fac Turns Passed 19737 | 80 212 183 253 439 2828 1241 493 1637 1793 715 2617 1728 515 271 389 614 431 1210 434 111 584 959 Spaces Moved 11813 | 49 168 153 219 364 1767 825 331 833 1117 471 1441 1018 354 200 165 242 166 614 208 65 376 667 Core 129 | . . . . . . . . . . . . . . . . . . . . . . 129 Treads 77 | . . . . . 18 . . 41 . . 1 17 . . . . . . . . . . Legs 2198 | . . . . . . . . . . . . . . . 72 242 166 614 208 65 376 455 Wheels 9329 | 49 168 153 219 364 1749 825 331 792 1117 471 1440 1001 354 200 93 . . . . . . 3 Hover 53 | . . . . . . . . . . . . . . . . . . . . . . 53 Flight 27 | . . . . . . . . . . . . . . . . . . . . . . 27 Fastest Speed 32 | 80 100 115 115 115 90 110 115 115 130 130 130 130 145 130 115 120 120 120 120 120 120 32 Average Speed 121 | 97 101 115 115 115 106 114 116 131 130 130 130 133 145 134 126 120 120 120 120 120 120 109 Slowest Speed 260 | 100 115 115 115 115 240 125 120 245 130 130 240 245 145 145 190 120 120 120 120 120 120 260 Overloaded Moves . | . . . . . . . . . . . . . . . . . . . . . . . Propulsion Burnouts . | . . . . . . . . . . . . . . . . . . . . . . . Robots Hopped . | . . . . . . . . . . . . . . . . . . . . . . . Potential Cave-ins . | . . . . . . . . . . . . . . . . . . . . . . . Cave-ins Triggered . | . . . . . . . . . . . . . . . . . . . . . . . Exploration Rate (%) 50 | 4 40 50 60 69 97 85 28 23 82 16 82 32 46 48 80 44 6 71 67 71 31 18 Regions Visited 22 Branch Regions 11 Pre-discovered Areas 33 | . . . 1 . 1 . . . . . . . 1 . 30 . . . . . . . Known Exits Taken 7 | . . . . . 1 . . 1 . 1 . 1 1 . . . 1 . . . 1 . Unknown Exits Taken 12 | 1 1 1 1 1 . . 1 . . . . . . 1 1 1 . 1 1 1 . . Scrap Searched 7 | . . . . 3 . . . . . . . . 2 1 . 1 . . . . . . Spaces Dug 44 | . . . . . 10 1 . 1 . 4 11 6 . . 5 . 2 . . . 2 2 Terrain Destroyed 429 | . . . . . 10 84 . 13 54 4 44 31 . . 9 6 26 118 4 1 12 13 Melee 22 | . . . . . . 1 . 1 . 4 11 . . . 5 . . . . . . . Projectile 127 | . . . . . . . . . . . 18 31 . . 4 6 7 31 4 1 12 13 AOE 280 | . . . . . 10 83 . 12 54 . 15 . . . . . 19 87 . . . . Terrain Rammed . | . . . . . . . . . . . . . . . . . . . . . . . Walls Destroyed . | . . . . . . . . . . . . . . . . . . . . . . . Machines Disabled . | . . . . . . . . . . . . . . . . . . . . . . . Actions | -11 -10 -10 -10 -9 -8 -8 -8 -7 -7 -7 -7 -6 -6 -6 -6 -5 -5 -5 -5 -5 -5 -4 --------- Run | Yrd Mat Min Exi Min Mat Gar Mat Fac Gar Fac Gar Fac Low Low Dat Pro Fac Ext Cet Arc Hub Fac Total 15605 | 66 195 157 220 374 2475 995 404 1265 1364 540 1929 1285 357 203 259 541 353 930 346 84 459 804 Wait 1882 | . 11 . . . 453 53 28 312 48 29 129 124 . . 17 291 153 97 78 9 25 25 Move 11792 | 48 167 152 218 363 1767 824 330 833 1114 471 1440 1017 353 199 164 241 165 613 207 64 375 667 Hop . | . . . . . . . . . . . . . . . . . . . . . . . Pick Up 128 | 1 4 2 1 2 25 2 6 8 1 3 12 16 1 1 9 . 3 14 3 2 6 6 Fast Attach 46 | 1 1 . . . 10 . 2 1 . 2 2 6 . . 1 . 1 2 1 . . 16 Attach 76 | 2 . . . . 6 2 2 8 1 . 13 8 . 2 5 . 4 4 4 . 1 14 Detach 37 | 2 1 . . . 4 . 1 5 . 1 6 7 . . 1 . . . 4 . 1 4 Swap 217 | 1 2 . . 1 41 13 9 14 16 8 32 23 1 . 11 . 5 15 10 . 10 5 Drop 163 | 3 2 1 1 2 39 . 7 10 2 5 11 20 2 1 9 . 1 17 9 1 9 11 Fire 771 | 8 7 2 . 6 129 70 12 54 65 17 119 54 . . 17 9 21 62 30 7 31 51 Melee 82 | . . . . . . 7 7 4 2 4 29 . . . 25 . . . . . . 4 Ram . | . . . . . . . . . . . . . . . . . . . . . . . Kick 8 | . . . . . . . . . . . . . . . . . . 5 . 1 1 1 Crush 3 | . . . . . 1 . . . . . . 2 . . . . . . . . . . Escape Stasis 120 | . . . . . . 24 . 16 40 . 32 8 . . . . . . . . . . Rewire 280 | . . . . . . . . . 75 . 104 . . . . . . 101 . . . . Trap . | . . . . . . . . . . . . . . . . . . . . . . . Miscellaneous . | . . . . . . . . . . . . . . . . . . . . . . . Route ------- -11/Scrapyard -10/Materials -10/Mines -10/Exiles -9/Mines -8/Materials (discovered 6 exits: *Fac x3 / *Sto x2 / Gar) -8/Garrison (discovered 3 exits: [*Mat x3]) -8/Materials -7/Factory -7/Garrison (discovered 4 exits: *Fac x4) -7/Factory (discovered 3 exits: Low x2 / Gar) -7/Garrison (discovered 3 exits: *Fac x3) -6/Factory -6/Lower Caves -6/Lower Caves -6/Data Miner -5/Proximity Caves -5/Factory (discovered 5 exits: Fac x3 / *Ext x2) -5/Extension (discovered 2 exits: *Fac / *Cet) -5/Cetus (discovered 2 exits: *Fac / [*Arc]) -5/Archives (discovered 2 exits: *Fac / *Hub) -5/Hub_04(d) -4/Factory History --------- Turn | Location | Event 6 | -11/Scrapyard | Discovered new exit (range 3) 81 | -11/Scrapyard | Entered Materials 157 | -10/Materials | Met 8R-AWN 241 | -10/Materials | Discovered new exit (range 15) 293 | -10/Materials | Entered Mines 295 | -10/Mines | Followed 8R-AWN into the Mines 314 | -10/Mines | Build established: Mutant 318 | -10/Mines | A weapon hastily lodged in a ceiling crevice suddenly fell to the ground 326 | -10/Mines | Met a Derelict bent on vengeance 386 | -10/Mines | Found a Scrap Suit stashed away for nefarious purposes 471 | -10/Mines | Discovered new exit (range 5) 476 | -10/Mines | Entered Exiles 504 | -10/Exiles | Welcomed by 8R-AWN 522 | -10/Exiles | Met EX-HEX 559 | -10/Exiles | Met EX-BIN 574 | -10/Exiles | Aligned with FarCom system 575 | -10/Exiles | Given EX-Vault access code 602 | -10/Exiles | Opened EX-Vault 609 | -10/Exiles | Found Gui. Plasma Cannon 634 | -10/Exiles | Warned to stay clear of 0b10 Research branches 669 | -10/Exiles | Met EX-DEC 675 | -10/Exiles | Learned location of Zion (-7) 717 | -10/Exiles | Discovered new exit (range 12) 729 | -10/Exiles | Left Exiles lab with Gui. Plasma Cannon 729 | -10/Exiles | Entered Mines 782 | -9/Mines | Assisted by bots powering up and referring to "LRC-V3" 1102 | -9/Mines | Assembled infested the area 1158 | -9/Mines | Discovered new exit (range 9) 1159 | -9/Mines | Learned Materials stockpile data 1168 | -9/Mines | Entered Materials 1168 | -8/Materials | Accompanied by 3 allies 1168 | -8/Materials | Evolved 4 slots: Propulsion x2, Utility x1, Weapon x1 1240 | -8/Materials | Identified exit to Storage 1506 | -8/Materials | Build established: Scavenger-Skirmisher 2085 | -8/Materials | Repaired Enh. Autogun 2119 | -8/Materials | Repaired Beam Rifle 2186 | -8/Materials | Discovered new exit (range 13) 2348 | -8/Materials | Discovered new exit (range 9) 2468 | -8/Materials | Build established: Skirmisher 2679 | -8/Materials | Central database locked down 2975 | -8/Materials | Repaired Arm. Wheel+ 3253 | -8/Materials | Discovered new exit (range 16) 3596 | -8/Materials | Build established: Scavenger-Skirmisher 3996 | -8/Materials | Identified exit to Garrison 3996 | -8/Materials | Entered Garrison 4025 | -8/Garrison | Triggered checkpoint 4098 | -8/Garrison | Rescued a captive Derelict 4242 | -8/Garrison | Triggered checkpoint 4300 | -8/Garrison | Triggered checkpoint 4400 | -8/Garrison | Discovered new exit (range 9) 4490 | -8/Garrison | Triggered checkpoint 4538 | -8/Garrison | Garrison Relay disabled 4645 | -8/Garrison | Triggered checkpoint 4648 | -8/Garrison | Core integrity fell below 50% 4789 | -8/Garrison | Discovered new exit (range 11) 4810 | -8/Garrison | Triggered checkpoint 4824 | -8/Garrison | Garrison Relay disabled 5055 | -8/Garrison | Discovered new exit (range 10) 5114 | -8/Garrison | Garrison Relay disabled 5128 | -8/Garrison | Garrison Relay disabled 5237 | -8/Garrison | Entered Materials 5637 | -8/Materials | First assault squad dispatched 5722 | -8/Materials | Discovered new exit (range 4) 5730 | -8/Materials | Entered Factory 5730 | -7/Factory | Evolved 2 slots: Utility x2 6615 | -7/Factory | Build established: Tank 6878 | -7/Factory | Garrison activated, responded to threat 7154 | -7/Factory | Build established: Skirmisher 7365 | -7/Factory | Identified exit to Garrison 7367 | -7/Factory | Entered Garrison 7449 | -7/Garrison | Triggered checkpoint 7494 | -7/Garrison | Garrison Relay disabled 7614 | -7/Garrison | Triggered checkpoint 7641 | -7/Garrison | Triggered checkpoint 7667 | -7/Garrison | Destroyed 8 combat bots 7737 | -7/Garrison | Discovered new exit (range 11) 7754 | -7/Garrison | Triggered checkpoint 7819 | -7/Garrison | Garrison Relay disabled 8170 | -7/Garrison | Triggered checkpoint 8174 | -7/Garrison | Triggered checkpoint 8331 | -7/Garrison | Triggered checkpoint 8339 | -7/Garrison | Garrison Relay disabled 8383 | -7/Garrison | Discovered new exit (range 14) 8405 | -7/Garrison | Discovered new exit (range 65) 8405 | -7/Garrison | Discovered new exit (range 7) 8405 | -7/Garrison | Discovered new exit (range 51) 8405 | -7/Garrison | Discovered new exit (range 68) 8711 | -7/Garrison | Triggered checkpoint 8781 | -7/Garrison | Triggered checkpoint 8784 | -7/Garrison | Garrison Relay disabled 8810 | -7/Garrison | Attempted to access garrison exit controls, blocked by remote lockdown 8988 | -7/Garrison | Attempted to access garrison exit controls, blocked by remote lockdown 9160 | -7/Garrison | Entered Factory 9160 | -7/Factory | Accompanied by 2 allies 9560 | -7/Factory | First assault squad dispatched 9766 | -7/Factory | Build established: Scavenger-Skirmisher 9785 | -7/Factory | Identified exit to Lower Caves 9875 | -7/Factory | Identified exit to Garrison 9875 | -7/Factory | Entered Garrison 9903 | -7/Garrison | Triggered checkpoint 10067 | -7/Garrison | Triggered checkpoint 10251 | -7/Garrison | Triggered checkpoint 10317 | -7/Garrison | Triggered checkpoint 10343 | -7/Garrison | Triggered checkpoint 10408 | -7/Garrison | Lost 5 parts (2n2u1w) 10455 | -7/Garrison | Destroyed 9 combat bots 10557 | -7/Garrison | System corruption reached 10% 10568 | -7/Garrison | Core integrity fell below 50% 10735 | -7/Garrison | Triggered checkpoint 10747 | -7/Garrison | Gui. Plasma Cannon suddenly broke down 10799 | -7/Garrison | Garrison Relay disabled 10884 | -7/Garrison | Build established: Scavenger-Gunner 10910 | -7/Garrison | Discovered new exit (range 13) 11048 | -7/Garrison | Discovered new exit (range 8) 11275 | -7/Garrison | Found embedded Infiltrators 11510 | -7/Garrison | Garrison Relay disabled 11555 | -7/Garrison | Triggered checkpoint 11711 | -7/Garrison | Garrison Relay disabled 11715 | -7/Garrison | Triggered checkpoint 11881 | -7/Garrison | Triggered checkpoint 11886 | -7/Garrison | Discovered new exit (range 10) 12035 | -7/Garrison | Garrison Relay disabled 12038 | -7/Garrison | Garrison Relay disabled 12492 | -7/Garrison | Entered Factory 12492 | -6/Factory | Accompanied by 9 allies 12492 | -6/Factory | Evolved 2 slots: Utility x1, Weapon x1 12586 | -6/Factory | Build established: Commander-Gunner 12771 | -6/Factory | Spotted B-75 Beast 12794 | -6/Factory | Allies destroyed B-75 Beast 12888 | -6/Factory | Garrison activated, responded to threat 13013 | -6/Factory | Lost 3 allies 13043 | -6/Factory | Repaired Enh. Autogun 13088 | -6/Factory | Garrison activated, responded to threat 13224 | -6/Factory | Build established: Scavenger-Gunner 13542 | -6/Factory | First assault squad dispatched 13559 | -6/Factory | Fabricated Enh. Autogun (x1) 13754 | -6/Factory | Build established: Gunner 14178 | -6/Factory | Discovered new exit (range 13) 14202 | -6/Factory | Identified exit to Lower Caves 14220 | -6/Factory | Entered Lower Caves 14226 | -6/Lower Caves | Met a Warlord Commander 14227 | -6/Lower Caves | Learned location of Warlord (-4) 14228 | -6/Lower Caves | Warlord Commander delivered Encrypted Comm Array 14233 | -6/Lower Caves | Found Encrypted Comm Array 14332 | -6/Lower Caves | Learned Factory garrison access intel 14455 | -6/Lower Caves | Encountered a Warlord checkpoint 14476 | -6/Lower Caves | Identified exit to Lower Caves 14735 | -6/Lower Caves | Entered another Lower Caves area 14736 | -6/Lower Caves | Encountered a Warlord checkpoint 14796 | -6/Lower Caves | Spotted B-75 Beast 14958 | -6/Lower Caves | Learned 8 Factory zone layouts 14991 | -6/Lower Caves | Discovered new exit (range 11) 15006 | -6/Lower Caves | Entered Data Miner 15008 | -6/Data Miner | Discovered new exit (range 6) 15033 | -6/Data Miner | Met Data Miner 15057 | -6/Data Miner | Learned location of Section 7 (-2) 15057 | -6/Data Miner | Acquired the access code to Warlord's prototype stash 15076 | -6/Data Miner | Received God Mode back door access code from Data Miner 15089 | -6/Data Miner | Interfaced with the Data Conduit 15122 | -6/Data Miner | Build established: Scavenger-Gunner 15395 | -6/Data Miner | Entered Proximity Caves 15538 | -5/Proximity Caves | Received a Behemoth hack from an annoying Tinkerer 15724 | -5/Proximity Caves | Spotter reported a threat 15769 | -5/Proximity Caves | Attracted the attention of an 0b10 checkpoint 15777 | -5/Proximity Caves | Spotter reported a threat 15824 | -5/Proximity Caves | Learned location of 1 exit from Factory 15830 | -5/Proximity Caves | Spotter reported a threat 15911 | -5/Proximity Caves | Spotter reported a threat 15938 | -5/Proximity Caves | Learned 12 Factory zone layouts 15992 | -5/Proximity Caves | Discovered new exit (range 15) 16009 | -5/Proximity Caves | Entered Factory 16009 | -5/Factory | Evolved 2 slots: Power x1, Utility x1 16010 | -5/Factory | Identified exit to Extension 16011 | -5/Factory | Identified exit to Factory 16012 | -5/Factory | Loaded intel: 308 machine locations 16013 | -5/Factory | Loaded intel: 4 garrison access locations 16124 | -5/Factory | Repaired Neutron Cannon 16309 | -5/Factory | Search patrols dispatched 16440 | -5/Factory | Entered Extension 16441 | -5/Extension | Loaded intel: 39 machine locations 16517 | -5/Extension | Destroyed 7 combat bots 16925 | -5/Extension | Spotted B-75 Beast 16933 | -5/Extension | Destroyed B-75 Beast 16939 | -5/Extension | Lost 7 allies 16944 | -5/Extension | Rescued a captive Derelict 16975 | -5/Extension | Spotted B-75 Beast 16989 | -5/Extension | Destroyed B-75 Beast 17177 | -5/Extension | Repaired Lgt. Antimatter Reactor 17340 | -5/Extension | First assault squad dispatched 17357 | -5/Extension | Rescued a captive Derelict 17384 | -5/Extension | Rescued a captive Derelict 17402 | -5/Extension | Energy Cycler disabled 17402 | -5/Extension | Rescued a captive Derelict 17402 | -5/Extension | Rescued a captive Derelict 17402 | -5/Extension | Rescued a captive Derelict 17402 | -5/Extension | Rescued a captive Derelict 17403 | -5/Extension | Rescued A7 17405 | -5/Extension | Rescued a captive Derelict 17443 | -5/Extension | Lost 5 allies 17451 | -5/Extension | Lost 4 parts (1p3u) 17584 | -5/Extension | Disrupted transfer network 17622 | -5/Extension | Discovered exit to Factory (range 10) 17623 | -5/Extension | Discovered new exit (range 6) 17650 | -5/Extension | Entered Cetus 17650 | -5/Cetus | Accompanied by 1 ally (A7) 17651 | -5/Cetus | Loaded intel: 24 machine locations 17655 | -5/Cetus | Acquired a Cetus Manufacturing Module code from A7 17679 | -5/Cetus | Lost 7 allies 17682 | -5/Cetus | Spotted Cetus Guard 17682 | -5/Cetus | Spotted Cetus Guard 17684 | -5/Cetus | Spotted Cetus Guard 17685 | -5/Cetus | Spotted Cetus Guard 17688 | -5/Cetus | Destroyed Cetus Guard 17700 | -5/Cetus | Destroyed Cetus Guard 17709 | -5/Cetus | Destroyed Cetus Guard 17724 | -5/Cetus | Destroyed Cetus Guard 17787 | -5/Cetus | Started Cetus Manufacturing Module 17806 | -5/Cetus | Escorted A7 to Cetus Mainframe 17812 | -5/Cetus | Manufactured an Enhanced Grunt 17837 | -5/Cetus | Manufactured an Enhanced Grunt 17862 | -5/Cetus | Manufactured an Enhanced Grunt 17863 | -5/Cetus | Discovered new exit (range 15) 17887 | -5/Cetus | Manufactured an Enhanced Grunt 17912 | -5/Cetus | Manufactured an Enhanced Grunt 17959 | -5/Cetus | Spotted Cetus Guard 17959 | -5/Cetus | Spotted Cetus Guard 17962 | -5/Cetus | Spotted Cetus Guard 17962 | -5/Cetus | Spotted Cetus Guard 17967 | -5/Cetus | Destroyed Cetus Guard 17973 | -5/Cetus | Core integrity fell below 50% 17977 | -5/Cetus | Allies destroyed Cetus Guard 17980 | -5/Cetus | Allies destroyed Cetus Guard 17990 | -5/Cetus | Destroyed Cetus Guard 17996 | -5/Cetus | Discovered exit to Factory (range 16) 18003 | -5/Cetus | Met Revision 17 18084 | -5/Cetus | Entered Archives 18084 | -5/Archives | Accompanied by 6 allies (A7) 18085 | -5/Archives | Loaded intel: 8 machine locations 18091 | -5/Archives | Received a hacking code to weaken MAIN.C 18140 | -5/Archives | Discovered exit to Factory (range 15) 18165 | -5/Archives | Discovered new exit (range 15) 18195 | -5/Archives | Entered Hub_04(d) 18195 | -5/Hub_04(d) | Accompanied by 5 allies 18196 | -5/Hub_04(d) | Loaded intel: 95 machine locations 18257 | -5/Hub_04(d) | Watched by a mysterious "MATRIX" hacker. 18495 | -5/Hub_04(d) | First assault squad dispatched 18663 | -5/Hub_04(d) | Lost 3 allies 18691 | -5/Hub_04(d) | Discovered exit to Factory (range 16) 18779 | -5/Hub_04(d) | Entered Factory 18779 | -4/Factory | Evolved 2 slots: Propulsion x1, Utility x1 18780 | -4/Factory | Loaded intel: 253 machine locations 19272 | -4/Factory | Intercept squad dispatched 19294 | -4/Factory | Spotted Tracker 19296 | -4/Factory | Spotted Tracker 19322 | -4/Factory | Destroyed Tracker 19333 | -4/Factory | Destroyed Tracker 19341 | -4/Factory | Spotted Combat Programmer 19347 | -4/Factory | Spotted Combat Programmer 19347 | -4/Factory | Found Exp. Phase Shifter 19358 | -4/Factory | Destroyed Combat Programmer 19362 | -4/Factory | System corruption reached 10% 19389 | -4/Factory | Destroyed Combat Programmer 19406 | -4/Factory | Lost 8 parts (2p2n3u1w) 19507 | -4/Factory | Found Prototype Energy Gun 19571 | -4/Factory | Identified Immobilizer 19598 | -4/Factory | Core integrity fell below 50% 19617 | -4/Factory | Core integrity fell below 20% 19622 | -4/Factory | Lost 13 parts (1p2n5u5w) 19738 | -4/Factory | Destroyed by G-73 Enforcer with Heavy Laser Last Messages --------------- 19695_ SOT|MPS4GYQ#M/SIR48TSJRF